 Dungeon Crawl Stone Soup version 0.17-a0-1572-g7a1422d (console) character file.

119 Monkaria the Skirmisher (level 4, -2/69 HPs)
             Began as a Deep Dwarf Berserker on July 24, 2015.
             Was a Believer of Trog.
             Slain by Sigmund
             ... wielding a +4 scythe of venom
              (8 damage)
             ... on level 3 of the Dungeon.
             The game lasted 00:03:19 (2026 turns).

Monkaria the Skirmisher (Deep Dwarf Berserker)      Turns: 2026, Time: 00:03:19

Health: -2/69      AC:  2    Str: 26    XL:     4   Next: 73%
Magic:  3/3        EV: 12    Int:  7    God:    Trog [**....]
Gold:   157        SH:  0    Dex: 13    Spells: 0 memorised, 3 levels left

rFire  . . .     SeeInvis .     a - +0 hand axe
rCold  . . .     Clarity  .     b - +0 animal skin
rNeg   . . .     SustAt   .     (no shield)
rPois  .         Gourm    .     (no helmet)
rElec  .         Spirit   .     (no cloak)
rCorr  .         Warding  .     (no gloves)
rMut   .         Stasis   .     (no boots)
MR     .....                    (no amulet)
Stlth  ..........               (no ring)
                                (no ring)

@: berserking (expiring), lethally poisoned (-2 -> -20), non-regenerating,
slowed, not resistant to hostile enchantments, extremely unstealthy
A: damage resistance, recharge devices, sense surroundings 1, slow healing 3
a: Device Recharging, Burn Spellbooks, Berserk, Trog's Hand, Renounce Religion


You were on level 3 of the Dungeon.
You worshipped Trog.
Trog was pleased with you.
You were not hungry.

You visited 1 branch of the dungeon, and saw 3 of its levels.

You collected 157 gold pieces.

Inventory:

Hand weapons
 a - a +0 hand axe (weapon)
Missiles
 q - 4 tomahawks (quivered)
Armour
 b - a +0 animal skin (worn)
 s - a +0 shield of cold resistance
Jewellery
 o - an uncursed ring of wizardry {unknown}
 t - an uncursed ring of see invisible {unknown}
Magical devices
 c - a wand of heal wounds (1)
Scrolls
 e - a scroll of enchant armour {unknown}
 j - a scroll of recharging {unknown}
 k - a scroll of fear {unknown}
 p - a scroll of enchant weapon {unknown}
 r - a scroll of fog {unknown}
Potions
 g - a potion of invisibility {unknown}
 h - a potion of poison {unknown}
 l - a potion of agility {unknown}
 m - 3 potions of curing {unknown}
 n - a potion of heal wounds {unknown}
Comestibles
 d - 2 bread rations
 f - 2 beef jerkies
 i - a meat ration


   Skills:
 - Level 5.0 Fighting
 + Level 3.4 Axes
 - Level 2.1 Armour
 - Level 2.1 Dodging


You had 3 spell levels left.
You didn't know any spells.

Dungeon Overview and Level Annotations

Branches:
Dungeon (3/15)

Altars:
Cheibriados

Annotations:
D:3 Sigmund


Innate Abilities, Weirdness & Mutations

You are resistant to damage.
You can recharge devices by infusing magical energy.
You passively map a small area around you.
You do not heal naturally.


Message History

* * * LOW HITPOINT WARNING * * *
You are more poisoned.
You miss something.
* * * LOW HITPOINT WARNING * * *
You feel very sick.
You hear some strange, mumbled words.
Something tries to affect you, but you resist.
You barely miss something.
* * * LOW HITPOINT WARNING * * *
You feel very sick.
You hear some strange, mumbled words.
Something tries to affect you, but you resist.
Unknown command.
You are too berserk!
You are too berserk!
You miss something.
* * * LOW HITPOINT WARNING * * *
You feel very sick. Something hits you!
You die...

#..## #..#.##.. ,
#..# #........ *
#..#######..#, ,
,, #...........#
* ##.#######.## *
* #.# #.# #.#
#.#* . *
#.#######.###....
,
#.....{@.........
#############....
.., ,, , **


There were no monsters in sight!

Vanquished Creatures
  An orc priest (D:3)
  3 adders (D:2)
  2 oozes (D:3)
  3 worms
  6 orcs (D:3)
  3 bats
  4 goblins
  8 hobgoblins
  A quokka (D:2)
  4 ball pythons
  A giant newt (D:2)
  2 kobolds (D:3)
  5 rats (D:2)
43 creatures vanquished.

Notes
Turn   | Place    | Note
--------------------------------------------------------------
     0 | D:1      | Monkaria the Deep Dwarf Berserker began the quest for the Orb.
     0 | D:1      | Reached XP level 1. HP: 20/20 MP: 1/1
   258 | D:1      | Reached XP level 2. HP: 21/28 MP: 2/2
   884 | D:2      | Reached XP level 3. HP: 24/36 MP: 3/3
  1017 | D:2      | Reached skill level 4 in Fighting
  1115 | D:2      | Found a snail-covered altar of Cheibriados.
  1649 | D:3      | Acquired Trog's second power
  1668 | D:3      | Reached XP level 4. HP: 24/45 MP: 4/4
  1951 | D:3      | Reached skill level 5 in Fighting
  2007 | D:3      | Noticed Sigmund
  2026 | D:3      | Slain by Sigmund

Vault maps used:
D:1:      dpeg_arrival_round_a
D:2:      old_standard_altar
D:3:      lemuel_round_altar, uniq_sigmund

Action                   |  1- 3 |  4- 6 || total
-------------------------+-------+-------++-------
Melee: Hand axe          |   123 |    43 ||   166
Invok: Berserk           |     1 |     3 ||     4
       Trog's Hand       |     1 |     1 ||     2
 Abil: Device Recharging |       |     1 ||     1
Evoke: Wand              |     3 |     3 ||     6
  Eat: Chunk             |     3 |     4 ||     7
